[Event "-chT Youth Countries 2019"]
[Site "Wuerzburg"]
[Date "2019.10.06"]
[Round "7.2"]
[White "Köhler, Lukas"]
[Black "Riehle, Marco"]
[Result "1/2-1/2"]
[ECO "C47"]
[WhiteElo "2040"]
[BlackElo "2309"]
[Annotator "ChessBase"]
[PlyCount "116"]
[EventDate "2019.10.02"]
[EventType "team-tourn"]
[EventRounds "7"]
[EventCountry "GER"]
[SourceTitle "playchess.com"]
[Source "ChessBase"]
[SourceQuality "1"]
[WhiteTeam "Bayern 2"]
[BlackTeam "Baden 2"]
[TimeControl "40/5400+30:1800+30"]

1. e4 e5 2. Nf3 Nf6 3. Nc3 Nc6 4. d4 exd4 5. Nxd4 Bb4 6. Nxc6 bxc6 7. Bd3 d5 8. exd5 cxd5 9. O-O O-O 10. h3 Re8 11. Bf4 c6 12. Qf3 Bd6 13. b3 Qc7 14. Bxd6 Qxd6 15. Na4 Bd7 16. Qg3 Qxg3 17. fxg3 Re7 18. Rfe1 Rae8 19. Kf2 Kf8 20. Nc5 Bc8 21. g4 h6 22. c3 Rxe1 23. Rxe1 Rxe1 24. Kxe1 Ke7 25. Kd2 Kd6 26. b4 Nd7 27. Nxd7 Bxd7 28. Ke3 c5 29. a3 cxb4 30. axb4 Ke5 31. Be2 f6 32. Bd3 Be8 33. Be2 g5 34. Bd3 h5 35. gxh5 Bxh5 36. g4 Be8 37. Be2 Ba4 38. Bd3 Bd7 39. Bc2 Bb5 40. Bd3 Ba4 41. Bb1 Bb3 42. Bg6 Bd1 43. Bh7 Kd6 44. Bd3 Kc6 45. Bf1 Kb6 46. Bg2 Bb3 47. Kd4 Kc6 48. Bf1 Kd6 49. Be2 Bc2 50. Bf3 f5 51. gxf5 Bxf5 52. Bg4 Bc2 53. Bc8 Bb3 54. Bg4 Bc4 55. Bf5 Bf1 56. Bg4 Bg2 57. Bf5 Kc6 58. Bg4 Kd6 {[%emt 0:00:05] normal} 1/2-1/2

[Event "-chT Youth Countries 2019"]
[Site "Wuerzburg"]
[Date "2019.10.06"]
[Round "7.2"]
[White "Schallner, Marc"]
[Black "Krastev, Alexander"]
[Result "0-1"]
[ECO "B36"]
[WhiteElo "2027"]
[BlackElo "2343"]
[Annotator "ChessBase"]
[PlyCount "54"]
[EventDate "2019.10.02"]
[EventType "team-tourn"]
[EventRounds "7"]
[EventCountry "GER"]
[SourceTitle "playchess.com"]
[Source "ChessBase"]
[SourceQuality "1"]
[WhiteTeam "Team Süd"]
[BlackTeam "Hessen"]
[TimeControl "40/5400+30:1800+30"]

1. e4 c5 2. Nf3 g6 3. d4 cxd4 4. Nxd4 Nc6 5. c4 Nf6 6. Nc3 d6 7. Be2 Nxd4 8. Qxd4 Bg7 9. Be3 O-O 10. Qd2 Bd7 11. f3 Bc6 12. O-O a5 13. Rab1 Nd7 14. Rfc1 Nc5 15. b3 e6 16. Nb5 Be5 17. Bg5 Qb6 18. Kh1 f5 19. exf5 Rxf5 20. Be3 Qd8 21. Bxc5 Qh4 22. Bg1 Rh5 23. f4 Bxf4 24. Qe1 Bg3 25. Bxh5 Bxe1 26. Rxe1 Qxh5 27. Nxd6 Bxg2+ {[%emt 0:04:32] normal} 0-1

[Event "-chT Youth Countries 2019"]
[Site "Wuerzburg"]
[Date "2019.10.06"]
[Round "7.3"]
[White "Pallas, Sebastian"]
[Black "Sulayev, Daniel"]
[Result "1/2-1/2"]
[ECO "B32"]
[WhiteElo "2291"]
[BlackElo "2149"]
[Annotator "ChessBase"]
[PlyCount "58"]
[EventDate "2019.10.02"]
[EventType "team-tourn"]
[EventRounds "7"]
[EventCountry "GER"]
[SourceTitle "playchess.com"]
[Source "ChessBase"]
[SourceQuality "1"]
[WhiteTeam "Sachsen-Anhalt"]
[BlackTeam "Berlin"]
[TimeControl "40/5400+30:1800+30"]

1. e4 c5 2. Nf3 Nc6 3. d4 cxd4 4. Nxd4 e5 5. Nb5 d6 6. N1c3 a6 7. Na3 Be6 8. Nc4 b5 9. Ne3 Nf6 10. Bd3 Be7 11. O-O O-O 12. Ncd5 Nd7 13. c3 Bg5 14. Bc2 Rb8 15. Qf3 g6 16. Rd1 a5 17. g3 Nc5 18. h4 Bh6 19. Nf6+ Kg7 20. Nf5+ Bxf5 21. Bxh6+ Kxh6 22. exf5 Qxf6 23. g4 Qxh4 24. Kg2 e4 25. Qf4+ g5 26. Qxd6+ Kg7 27. Qxc5 Qxg4+ 28. Kf1 Qh3+ 29. Kg1 Qg4+ {[%emt 0:00:16] normal} 1/2-1/2

[Event "-chT Youth Countries 2019"]
[Site "Wuerzburg"]
[Date "2019.10.06"]
[Round "7.3"]
[White "Weber, Samuel"]
[Black "Jakob, Georg"]
[Result "0-1"]
[ECO "B20"]
[WhiteElo "2288"]
[BlackElo "1952"]
[Annotator "ChessBase"]
[PlyCount "72"]
[EventDate "2019.10.02"]
[EventType "team-tourn"]
[EventRounds "7"]
[EventCountry "GER"]
[SourceTitle "playchess.com"]
[Source "ChessBase"]
[SourceQuality "1"]
[WhiteTeam "Hessen"]
[BlackTeam "Team Süd"]
[TimeControl "40/5400+30:1800+30"]

1. e4 c5 2. c4 g6 3. g3 Bg7 4. Bg2 Nc6 5. Nc3 d6 6. Nge2 Nf6 7. d3 O-O 8. O-O Ne8 9. Be3 Nd4 10. Rb1 a5 11. Nb5 Nxe2+ 12. Qxe2 Nc7 13. a4 Ne6 14. Qd2 Nd4 15. Nxd4 cxd4 16. Bh6 Bd7 17. Bxg7 Kxg7 18. b4 axb4 19. Rxb4 Rxa4 20. Rxa4 Bxa4 21. Qb2 e5 22. Qxb7 Bc2 23. Qd5 Bxd3 24. Rd1 Be2 25. Rd2 d3 26. Bf1 Qg5 27. f4 Qh5 28. Rxd3 Bxd3 29. Qxd3 exf4 30. Qxd6 fxg3 31. hxg3 Re8 32. Bg2 Qe5 33. Qxe5+ Rxe5 34. Kf2 Rc5 35. Bf1 Kf6 36. Ke3 Ke5 {[%emt 0:00:37] normal Kd4+} 0-1

[Event "-chT Youth Countries 2019"]
[Site "Wuerzburg"]
[Date "2019.10.06"]
[Round "7.3"]
[White "Goldbeck, Lars"]
[Black "Gallasch, Jonas"]
[Result "1/2-1/2"]
[ECO "D90"]
[WhiteElo "2203"]
[BlackElo "2099"]
[Annotator "ChessBase"]
[PlyCount "45"]
[EventDate "2019.10.02"]
[EventType "team-tourn"]
[EventRounds "7"]
[EventCountry "GER"]
[SourceTitle "playchess.com"]
[Source "ChessBase"]
[SourceQuality "1"]
[WhiteTeam "Bayern 1"]
[BlackTeam "Nordrhein-Westfalen"]
[TimeControl "40/5400+30:1800+30"]

1. d4 Nf6 2. c4 g6 3. Nc3 d5 4. Nf3 Bg7 5. h4 h6 6. cxd5 Nxd5 7. e4 Nxc3 8. bxc3 c5 9. Be3 Qa5 10. Nd2 cxd4 11. Nc4 Qd8 12. cxd4 O-O 13. Be2 Nc6 14. d5 Nb4 15. Rb1 Nxa2 16. Rb3 Nc3 17. Qc1 Nxe2 18. Kxe2 h5 19. Bh6 Qd7 20. f3 b6 21. Bxg7 Kxg7 22. Kf2 Bb7 23. Qg5 {[%emt 0:01:49] normal} 1/2-1/2

[Event "-chT Youth Countries 2019"]
[Site "Wuerzburg"]
[Date "2019.10.06"]
[Round "7.3"]
[White "Stelmaszyk, Nico"]
[Black "Kololli, Martin"]
[Result "0-1"]
[ECO "B27"]
[WhiteElo "2190"]
[BlackElo "2310"]
[Annotator "ChessBase"]
[PlyCount "56"]
[EventDate "2019.10.02"]
[EventType "team-tourn"]
[EventRounds "7"]
[EventCountry "GER"]
[SourceTitle "playchess.com"]
[Source "ChessBase"]
[SourceQuality "1"]
[WhiteTeam "Niedersachsen"]
[BlackTeam "Schleswig-Holstein"]
[TimeControl "40/5400+30:1800+30"]

1. e4 c5 2. Nf3 g6 3. d3 Bg7 4. Nc3 d6 5. g3 Nc6 6. Bg2 Nf6 7. O-O O-O 8. Bg5 h6 9. Bd2 Rb8 10. Nh4 b5 11. f4 Bg4 12. Bf3 Bxf3 13. Nxf3 b4 14. Ne2 Qc8 15. Qc1 Kh7 16. c4 bxc3 17. Bxc3 Qa6 18. Qd2 c4 19. e5 dxe5 20. fxe5 cxd3 21. exf6 dxe2 22. fxg7 exf1=Q+ 23. Rxf1 Rg8 24. Qd7 Qb6+ 25. Kh1 Qc5 26. Qh3 f6 27. Bd2 h5 28. g4 Rxg7 {[%emt 0:01:06] normal} 0-1

[Event "-chT Youth Countries 2019"]
[Site "Wuerzburg"]
[Date "2019.10.06"]
[Round "7.3"]
[White "Dahl, Christoph"]
[Black "Musiolik, David"]
[Result "1-0"]
[ECO "C18"]
[WhiteElo "2178"]
[BlackElo "2195"]
[Annotator "ChessBase"]
[PlyCount "121"]
[EventDate "2019.10.02"]
[EventType "team-tourn"]
[EventRounds "7"]
[EventCountry "GER"]
[SourceTitle "playchess.com"]
[Source "ChessBase"]
[SourceQuality "1"]
[WhiteTeam "Sachsen"]
[BlackTeam "Rheinland-Pfalz"]
[TimeControl "40/5400+30:1800+30"]

1. e4 e6 2. d4 d5 3. Nc3 Bb4 4. e5 c5 5. a3 Bxc3+ 6. bxc3 Ne7 7. Qg4 O-O 8. Bd3 f5 9. exf6 Rxf6 10. Bg5 Rf7 11. Qh5 g6 12. Qd1 Qa5 13. Qd2 Nbc6 14. Nf3 Bd7 15. Ne5 Nxe5 16. dxe5 d4 17. cxd4 Qxd2+ 18. Bxd2 cxd4 19. Bg5 Bc6 20. f3 Nd5 21. h4 Nf4 22. Bxf4 Rxf4 23. h5 Kg7 24. hxg6 hxg6 25. Kf2 Rg8 26. Rh3 Be8 27. Rah1 Kf8 28. Rh4 Rxh4 29. Rxh4 Ke7 30. Rxd4 Bd7 31. Rc4 Bc6 32. Rg4 g5 33. Ke3 Bd5 34. c4 Bc6 35. Be4 Kd7 36. Kd4 Bxe4 37. Kxe4 b6 38. Kd4 Ke7 39. Kc3 Kf7 40. f4 gxf4 41. Rxg8 Kxg8 42. Kd4 Kf7 43. Ke4 Kg6 44. Kxf4 Kh5 45. g4+ Kg6 46. a4 Kh6 47. a5 Kg6 48. axb6 axb6 49. Kf3 Kh6 50. Kg2 Kg6 51. Kh3 Kg5 52. Kg3 Kh6 53. Kh4 Kg6 54. g5 Kg7 55. Kh5 Kh7 56. g6+ Kg8 57. Kh6 Kh8 58. g7+ Kg8 59. Kg6 b5 60. c5 b4 61. c6 {[%emt 0:00:00] normal} 1-0

[Event "-chT Youth Countries 2019"]
[Site "Wuerzburg"]
[Date "2019.10.06"]
[Round "7.3"]
[White "Grund, Sebastian"]
[Black "Tschernatsch, Johannes"]
[Result "0-1"]
[ECO "E69"]
[WhiteElo "2054"]
[BlackElo "2132"]
[Annotator "ChessBase"]
[PlyCount "205"]
[EventDate "2019.10.02"]
[EventType "team-tourn"]
[EventRounds "7"]
[EventCountry "GER"]
[SourceTitle "playchess.com"]
[Source "ChessBase"]
[SourceQuality "1"]
[WhiteTeam "Thüringen"]
[BlackTeam "Brandenburg/Berlin"]
[TimeControl "40/5400+30:1800+30"]

1. d4 Nf6 2. Nf3 g6 3. c4 Bg7 4. Nc3 O-O 5. e4 d6 6. g3 Nbd7 7. Bg2 e5 8. O-O c6 9. h3 Qb6 10. c5 dxc5 11. dxe5 Ne8 12. Qc2 Qc7 13. Be3 b6 14. b4 cxb4 15. Ne2 Nxe5 16. Nxe5 Bxe5 17. Rac1 c5 18. Bh6 Bg7 19. Bf4 Qe7 20. Rfd1 Be6 21. Qa4 Rc8 22. Qa6 g5 23. Be3 h6 24. f4 gxf4 25. Bxf4 c4 26. Nd4 c3 27. Kh2 Rc5 28. Qe2 f6 29. Be3 Rc8 30. Bf4 Rf7 31. Qh5 Nc7 32. Bxh6 Bxh6 33. Qxh6 Rh7 34. Qf4 Rf8 35. Nf5 Qc5 36. Qg4+ Kh8 37. Qg6 Qe5 38. Qg4 Rg8 39. Qf3 Bxa2 40. Nd4 Be6 41. Nc6 Qg5 42. Nxb4 Bg4 43. Qxc3 Bxd1 44. Rxd1 Rhg7 45. g4 Qe5+ 46. Qxe5 fxe5 47. Nc6 a5 48. Nxe5 b5 49. Nc6 a4 50. e5 a3 51. Nb4 Ne6 52. Rd6 Nf4 53. Be4 Re8 54. Rf6 Ne2 55. Rh6+ Kg8 56. Bd5+ Kf8 57. Rf6+ Ke7 58. Bc6 a2 59. Nxa2 Rf8 60. Rxf8 Kxf8 61. Bxb5 Nd4 62. Bc4 Nf3+ 63. Kg3 Nxe5 64. Be6 Ra7 65. Nb4 Ra3+ 66. Kh4 Nf3+ 67. Kh5 Nd4 68. Bf5 Rxh3+ 69. Kg6 Rc3 70. Nd5 Rc6+ 71. Kg5 Kg7 72. Ne7 Rc5 73. Ng6 Ra5 74. Ne7 Ne6+ 75. Kh4 Nd4 76. Kg5 Rc5 77. Ng6 Nc6 78. Nf4 Nd8 79. Nh5+ Kf7 80. Nf4 Ra5 81. Kh6 Nc6 82. Bg6+ Kg8 83. Nh5 Ne7 84. Nf6+ Kh8 85. Bf7 Ra1 86. g5 Rh1+ 87. Nh5 Rg1 88. Nf6 Nf5+ 89. Kg6 Nh4+ 90. Kh6 Nf5+ 91. Kg6 Ne7+ 92. Kh6 Rf1 93. Bg6 Rh1+ 94. Bh5 Rh2 95. Ne4 Ra2 96. Bf7 Rh2+ 97. Bh5 Nf5+ 98. Kg6 Ng7 99. Nf6 Rg2 100. Kh6 Ne6 101. Ne4 Kg8 102. Bf3 {[%emt 0:01:07] normal} Rh2+ 103. Bh5 {[%emt 0:00:12] normal} 0-1

[Event "-chT Youth Countries 2019"]
[Site "Wuerzburg"]
[Date "2019.10.06"]
[Round "7.3"]
[White "Wu, Leon"]
[Black "Lohr, Maximilian"]
[Result "1-0"]
[ECO "C76"]
[WhiteElo "2009"]
[BlackElo "1996"]
[Annotator "NA"]
[PlyCount "76"]
[EventDate "2019.10.02"]
[EventType "team-tourn"]
[EventRounds "7"]
[EventCountry "GER"]
[SourceTitle "playchess.com"]
[Source "ChessBase"]
[SourceQuality "1"]
[WhiteTeam "Baden 2"]
[BlackTeam "Bayern 2"]
[TimeControl "40/5400+30:1800+30"]

1. e4 e5 2. Nf3 Nc6 3. Bb5 a6 4. Ba4 d6 5. c3 g6 6. d4 Bd7 7. O-O {[%emt 0:00:20] unterminated} Bg7 {[%emt 0:01:12] unterminated} 8. Be3 Nf6 {[%emt 0:00:55] unterminated} 9. Bc2 {[%emt 0:04:32] C76: Ruy Lopez: Deferred Steinitz: 5 c3 Bd7 6 d4 g6} (9. Nbd2 Ng4 10. Bg5 f6 11. Bh4 Qe7 12. b4 h5 13. Bg3 O-O 14. Re1 Nh6 15. Nf1 g5 16. Bb3+ Kh7 17. dxe5 Nxe5 18. Bxe5 fxe5 {½-½ (61) Yu,Y (2751)-Mamedyarov,S (2799) Huaian 2017}) 9... O-O 10. h3 {[%emt 0:01:18] unterminated} Nh5 {[%emt 0:14:36] unterminated} 11. Qd2 $146 {[%emt 0:09:30] unterminated} ({Predecessor:} 11. Nbd2 Nf4 12. Re1 Qf6 13. Nc4 Rad8 14. a4 g5 15. Bxf4 gxf4 16. dxe5 dxe5 17. Qe2 Kh8 18. b4 Qg6 19. Nh4 {0-1 (46) Tiviakov,S (2585)-Giorgadze,G Gausdal 1992}) 11... f5 {[%emt 0:15:23] unterminated} 12. dxe5 {[%emt 0:07:01] unterminated} f4 {[%emt 0:26:23] unterminated} 13. Bd4 {[%emt 0:03:15] unterminated} dxe5 {[%emt 0:09:26] unterminated} 14. Bb3+ {[%emt 0:05:22] unterminated} Kh8 15. Bc5 Qc8 16. Bxf8 Bxf8 17. Qd5 Nf6 18. Qd3 Bxh3 19. gxh3 Qxh3 20. Ne1 Qg4+ 21. Kh2 Rd8 22. Qf3 Qc8 23. Ng2 g5 24. Rd1 g4 25. Rxd8 Qxd8 26. Qd1 Qe8 27. Kg1 Bc5 28. Nd2 Qh5 29. Be6 f3 30. Ne3 g3 31. Qxf3 gxf2+ 32. Kxf2 Qh2+ 33. Kf1 Nh5 34. Ke1 Qg1+ 35. Nef1 {[%emt 0:00:40] unterminated} Nf4 36. Bf5 Be3 37. Kd1 $18 Bxd2 38. Kxd2 Na5 {normal} 1-0

[Event "-chT Youth Countries 2019"]
[Site "Wuerzburg"]
[Date "2019.10.06"]
[Round "7.3"]
[White "Chassard, Cedric"]
[Black "Richter, Nils"]
[Result "1/2-1/2"]
[ECO "B40"]
[WhiteElo "1929"]
[BlackElo "2213"]
[Annotator "ChessBase"]
[PlyCount "73"]
[EventDate "2019.10.02"]
[EventType "team-tourn"]
[EventRounds "7"]
[EventCountry "GER"]
[SourceTitle "playchess.com"]
[Source "ChessBase"]
[SourceQuality "1"]
[WhiteTeam "Saarland"]
[BlackTeam "Württemberg"]
[TimeControl "40/5400+30:1800+30"]

1. e4 c5 2. Nf3 e6 3. g3 Nc6 4. Bg2 Nf6 5. Qe2 e5 6. O-O Be7 7. c3 O-O 8. d3 h6 9. h3 Re8 10. c4 Bf8 11. Nc3 a6 12. b3 b5 13. Nd5 d6 14. Bd2 g6 15. a3 Rb8 16. Rab1 Bg7 17. a4 Kh7 18. Kh2 Nxd5 19. cxd5 Ne7 20. axb5 Rxb5 21. b4 cxb4 22. Rxb4 Bd7 23. Rfb1 Qb6 24. Ne1 f5 25. Nc2 Rb8 26. Na3 Rxb4 27. Rxb4 Bb5 28. Be3 Qa5 29. Qb2 f4 30. Bd2 Qb6 31. Bc3 fxg3+ 32. fxg3 Rf8 33. Nxb5 Rf2 34. Qb1 axb5 35. Rxb5 Qc7 36. Rb2 Qb6 37. Rb5 {normal} 1/2-1/2

[Event "-chT Youth Countries 2019"]
[Site "Wuerzburg"]
[Date "2019.10.06"]
[Round "7.4"]
[White "Boder, Jan"]
[Black "Lutz, Ruben"]
[Result "1/2-1/2"]
[ECO "C07"]
[WhiteElo "2087"]
[BlackElo "2112"]
[Annotator "ChessBase"]
[PlyCount "64"]
[EventDate "2019.10.02"]
[EventType "team-tourn"]
[EventRounds "7"]
[EventCountry "GER"]
[SourceTitle "playchess.com"]
[Source "ChessBase"]
[SourceQuality "1"]
[WhiteTeam "Rheinland-Pfalz"]
[BlackTeam "Sachsen"]
[TimeControl "40/5400+30:1800+30"]

1. e4 e6 2. d4 d5 3. Nd2 c5 4. c3 Nc6 5. Ngf3 Nf6 6. exd5 exd5 7. dxc5 Bxc5 8. Nb3 Bb6 9. Be2 h6 10. O-O O-O 11. Nbd4 Re8 12. h3 Ne4 13. Be3 Bd7 14. Qb3 Nxd4 15. Nxd4 Bxd4 16. cxd4 Nd2 17. Bxd2 Rxe2 18. Qd3 Re4 19. f3 Re6 20. Rae1 Qf6 21. Rxe6 Bxe6 22. Rc1 Re8 23. Qe3 Bd7 24. Qf2 Bb5 25. Re1 Rxe1+ 26. Bxe1 Qf5 27. a3 Qd3 28. Bc3 Kh7 29. Kh2 Bc4 30. Qd2 Qg6 31. Qf4 Bf1 32. Qg3 Qxg3+ {[%emt 0:00:58] normal} 1/2-1/2

[Event "-chT Youth Countries 2019"]
[Site "Wuerzburg"]
[Date "2019.10.06"]
[Round "7.4"]
[White "Eilenberg, Jonas"]
[Black "Post, Hugo"]
[Result "0-1"]
[ECO "D05"]
[WhiteElo "2050"]
[BlackElo "2204"]
[Annotator "ChessBase"]
[PlyCount "56"]
[EventDate "2019.10.02"]
[EventType "team-tourn"]
[EventRounds "7"]
[EventCountry "GER"]
[SourceTitle "playchess.com"]
[Source "ChessBase"]
[SourceQuality "1"]
[WhiteTeam "Berlin"]
[BlackTeam "Sachsen-Anhalt"]
[TimeControl "40/5400+30:1800+30"]

1. d4 Nf6 2. Nf3 e6 3. e3 d5 4. Bd3 c5 5. c3 Nc6 6. Nbd2 Bd6 7. O-O O-O 8. dxc5 Bxc5 9. b4 Bd6 10. Bb2 b6 11. a3 e5 12. e4 Bb7 13. exd5 Nxd5 14. Nc4 Bc7 15. Qc2 Nf4 16. Bxh7+ Kh8 17. Rad1 Nd4 18. Nxd4 exd4 19. f3 g6 20. Rxd4 Qh4 21. g3 Qg5 22. Kh1 Nh5 23. Rd7 Rac8 24. Bc1 Qf6 25. Bh6 Rfe8 26. Qb3 Re1 27. Ne5 Rxf1+ 28. Kg2 Bxf3+ {[%emt 0:00:16] normal} 0-1

[Event "-chT Youth Countries 2019"]
[Site "Wuerzburg"]
[Date "2019.10.06"]
[Round "7.4"]
[White "Gutkin, Ilya"]
[Black "Lohvinov, Petro"]
[Result "1/2-1/2"]
[ECO "A05"]
[WhiteElo "2047"]
[BlackElo "2117"]
[Annotator "ChessBase"]
[PlyCount "129"]
[EventDate "2019.10.02"]
[EventType "team-tourn"]
[EventRounds "7"]
[EventCountry "GER"]
[SourceTitle "playchess.com"]
[Source "ChessBase"]
[SourceQuality "1"]
[WhiteTeam "Nordrhein-Westfalen"]
[BlackTeam "Bayern 1"]
[TimeControl "40/5400+30:1800+30"]

1. Nf3 Nf6 2. c4 g6 3. b3 Bg7 4. Bb2 O-O 5. g3 d6 6. d4 c5 7. Bg2 Nc6 8. O-O Bg4 9. Nbd2 Qc8 10. d5 Nb4 11. a3 Na6 12. e4 Rb8 13. Qc2 b5 14. Rfe1 bxc4 15. Nxc4 Nc7 16. Nfd2 Re8 17. Bc3 Nb5 18. Bb2 Bh3 19. b4 Bxg2 20. Kxg2 Nd4 21. Bxd4 cxd4 22. Qd3 Nd7 23. f4 Qa6 24. Nb3 Rbc8 25. Rec1 Nb6 26. Ne5 Qxd3 27. Nxd3 f5 28. Kf3 Rxc1 29. Nbxc1 Rc8 30. Ra2 Rc3 31. h3 Nc4 32. a4 Kf7 33. a5 Na3 34. g4 fxe4+ 35. Kxe4 Nb5 36. a6 Rc4 37. Ra5 Nc3+ 38. Kf3 Rc8 39. Nb3 Rb8 40. Nbc1 Rb5 41. Rxb5 Nxb5 42. Ne2 Ke8 43. Ke4 Kd7 44. Ndc1 Kc7 45. Nb3 Nc3+ 46. Nxc3 dxc3 47. Kd3 Kb6 48. Na5 Kxa6 49. Nc6 Kb5 50. Nxa7+ Kxb4 51. Nc6+ Kb3 52. Na5+ Kb2 53. Nc4+ Kb1 54. Ne3 Kc1 55. g5 Bh8 56. f5 Kb1 57. fxg6 hxg6 58. Nc2 Be5 59. Ne3 Kc1 60. Nc2 Kd1 61. Ne3+ Ke1 62. Ng2+ Kd1 63. Ne3+ Ke1 64. Ng2+ Kd1 65. Ne3+ {normal} 1/2-1/2

[Event "-chT Youth Countries 2019"]
[Site "Wuerzburg"]
[Date "2019.10.06"]
[Round "7.4"]
[White "Deuer, Marius"]
[Black "Mueller, Maximilian"]
[Result "1-0"]
[ECO "B15"]
[WhiteElo "1993"]
[BlackElo "2308"]
[Annotator "ChessBase"]
[PlyCount "63"]
[EventDate "2019.10.02"]
[EventType "team-tourn"]
[EventRounds "7"]
[EventCountry "GER"]
[SourceTitle "playchess.com"]
[Source "ChessBase"]
[SourceQuality "1"]
[WhiteTeam "Württemberg"]
[BlackTeam "Saarland"]
[TimeControl "40/5400+30:1800+30"]

1. e4 c6 2. d4 d5 3. Nd2 dxe4 4. Nxe4 Nf6 5. Nxf6+ exf6 6. c3 Bd6 7. Bd3 O-O 8. Qc2 Re8+ 9. Ne2 h5 10. O-O h4 11. h3 Nd7 12. Bf4 Rxe2 13. Qxe2 Bxf4 14. Qe4 Qc7 15. Qh7+ Kf8 16. Rae1 Be5 17. dxe5 fxe5 18. f4 Nf6 19. Qh8+ Ke7 20. fxe5 Nd5 21. Qxh4+ Ke8 22. e6 f6 23. Qh8+ Ke7 24. Qxg7+ Kd6 25. e7 Bd7 26. Rxf6+ Kc5 27. Rf8 Re8 28. b4+ Nxb4 29. cxb4+ Kxb4 30. Qd4+ Ka3 31. Qc3+ Kxa2 32. Bb1# {normal} 1-0

[Event "-chT Youth Countries 2019"]
[Site "Wuerzburg"]
[Date "2019.10.06"]
[Round "7.4"]
[White "Danninger, Jannik"]
[Black "Hecht, Jonas Christian"]
[Result "1-0"]
[ECO "C44"]
[WhiteElo "1990"]
[BlackElo "1775"]
[Annotator "NA"]
[PlyCount "85"]
[EventDate "2019.10.02"]
[EventType "team-tourn"]
[EventRounds "7"]
[EventCountry "GER"]
[SourceTitle "playchess.com"]
[Source "ChessBase"]
[SourceQuality "1"]
[WhiteTeam "Bayern 2"]
[BlackTeam "Baden 2"]
[TimeControl "40/5400+30:1800+30"]

1. e4 e5 2. Nf3 Nc6 3. d4 exd4 4. Nxd4 Nf6 5. Nc3 Bb4 6. Nxc6 bxc6 7. Bd3 {[%emt 0:00:07] unterminated} d5 8. exd5 cxd5 {[%emt 0:00:06] unterminated} 9. O-O O-O 10. h3 {[%emt 0:00:08] unterminated unterminated. C47: Scotch Four Knights and Four Knights with 4 g3} (10. Bg5 c6 11. Qf3 Bd6 12. Rae1 Rb8 13. Nd1 h6 14. Bxf6 Qxf6 15. Qxf6 gxf6 16. b3 f5 17. Ne3 f4 18. Nf5 Bxf5 19. Bxf5 Kg7 20. g3 Kf6 21. Bd3 {½-½ (30) Movsesian,S (2654)-Ding,L (2811) Khanty-Mansiysk 2019}) 10... h6 11. Qf3 c6 {[%emt 0:01:32] unterminated} 12. Ne2 {[%emt 0:02:44] unterminated} Re8 {[%emt 0:09:03] unterminated} 13. Nd4 Bd7 {[%emt 0:03:37] unterminated} 14. Bf4 {[%emt 0:01:26] [#]} Ne4 $146 ({Predecessor:} 14... c5 15. c3 Bxc3 16. bxc3 cxd4 17. cxd4 Ne4 {0-1 (59) Petrov,D (2215)-Brunello,S (2566) Riga 2017}) 15. c3 {[%emt 0:02:24] unterminated} Bd6 {[%emt 0:02:54] unterminated} 16. Rae1 Bxf4 17. Qxf4 {[%emt 0:00:49] unterminated} Qf6 18. Qxf6 Nxf6 {[%emt 0:01:43] unterminated} 19. c4 {[%emt 0:00:47] unterminated} c5 {[%emt 0:04:07] unterminated} 20. Nb3 {[%emt 0:00:53] unterminated} Rac8 $11 21. Rxe8+ Nxe8 22. Re1 Kf8 23. Re5 Nf6 24. Nd2 Be6 25. Bf5 Bxf5 26. Rxf5 Ke7 27. b3 Ke6 28. g4 d4 29. f4 g6 30. Re5+ Kd6 31. Kg2 Rc7 32. Kf3 Re7 33. Ne4+ Nxe4 34. Kxe4 Rxe5+ 35. fxe5+ Ke6 36. b4 cxb4 37. Kxd4 a5 38. c5 a4 39. c6 Ke7 40. Kc4 Kd8 41. Kxb4 Kc7 42. Kc5 a3 43. Kb5 {[%emt 0:00:31] normal} 1-0

[Event "-chT Youth Countries 2019"]
[Site "Wuerzburg"]
[Date "2019.10.06"]
[Round "7.4"]
[White "Glinzner, Alva"]
[Black "Hommer, Jeremy"]
[Result "0-1"]
[ECO "B10"]
[WhiteElo "1897"]
[BlackElo "2133"]
[Annotator "ChessBase"]
[PlyCount "136"]
[EventDate "2019.10.02"]
[EventType "team-tourn"]
[EventRounds "7"]
[EventCountry "GER"]
[SourceTitle "playchess.com"]
[Source "ChessBase"]
[SourceQuality "1"]
[WhiteTeam "Schleswig-Holstein"]
[BlackTeam "Niedersachsen"]
[TimeControl "40/5400+30:1800+30"]

1. e4 c6 2. Nf3 d5 3. Nc3 dxe4 4. Nxe4 Nf6 5. Qe2 Nxe4 6. Qxe4 Nd7 7. Bc4 Nf6 8. Ne5 e6 9. Qe2 Bd6 10. d4 h6 11. c3 O-O 12. O-O Qe7 13. Bf4 Bd7 14. Rad1 Rac8 15. Rd3 Kh8 16. Rfd1 Rcd8 17. Rh3 Ng8 18. Bd3 Be8 19. Bc2 f6 20. Qe4 g5 21. Bc1 Bxe5 22. dxe5 Rxd1+ 23. Bxd1 f5 24. Qc4 b5 25. Qd4 c5 26. Qd2 Kg7 27. Rd3 Qf7 28. Rd6 Ne7 29. Bf3 Nc8 30. Rd3 Qc7 31. Qe3 f4 32. Qe2 Bg6 33. Rd2 a6 34. c4 b4 35. b3 Rd8 36. g3 fxg3 37. fxg3 Ne7 38. Rxd8 Qxd8 39. Be3 Qc7 40. Qf2 Qxe5 41. Bxc5 Qa1+ 42. Kg2 Nf5 43. Bxb4 h5 44. Qd2 Kh7 45. Bc3 Qb1 46. Qd7+ Kh6 47. Bd2 h4 48. Qd8 Qxa2 49. Qh8+ Bh7 50. Qf8+ Kg6 51. Qe8+ Kg7 52. Qd7+ Kf6 53. Qd8+ Ke5 54. Be2 Qxb3 55. Qa5+ Kf6 56. Bc3+ Kg6 57. Qe5 Qb7+ 58. Bf3 Qf7 59. c5 hxg3 60. hxg3 Kh6 61. Qe1 Bg6 62. c6 Qc7 63. Qh1+ Nh4+ 64. gxh4 g4 65. Bd2+ Kh7 66. Bxg4 Be4+ 67. Bf3 Bxf3+ 68. Kxf3 Qxc6+ {normal} 0-1

[Event "-chT Youth Countries 2019"]
[Site "Wuerzburg"]
[Date "2019.10.06"]
[Round "7.4"]
[White "Franke, Luca"]
[Black "Bakiev, Diyor"]
[Result "0-1"]
[ECO "A61"]
[WhiteElo "1872"]
[BlackElo "2088"]
[Annotator "NA"]
[PlyCount "78"]
[EventDate "2019.10.02"]
[EventType "team-tourn"]
[EventRounds "7"]
[EventCountry "GER"]
[SourceTitle "playchess.com"]
[Source "ChessBase"]
[SourceQuality "1"]
[WhiteTeam "Team Süd"]
[BlackTeam "Hessen"]
[TimeControl "40/5400+30:1800+30"]

1. d4 Nf6 2. Nf3 e6 3. c4 c5 4. d5 exd5 5. cxd5 d6 6. Nc3 g6 7. e4 Bg7 8. Qa4+ Bd7 9. Qb3 Qc7 10. Bf4 O-O 11. Be2 {[%emt 0:01:11] unterminated} Nh5 12. Be3 {[%emt 0:00:56] unterminated} Bg4 $14 13. O-O a6 14. a4 Nd7 15. h3 Bxf3 16. Bxf3 Nhf6 17. Be2 Rfe8 18. Qc2 Rab8 19. b3 Qa5 20. Bd2 Qb4 21. Bc4 Qb6 22. Be3 Qc7 23. Be2 Ne5 24. f4 Ned7 25. Bd2 c4 26. Bxc4 b5 27. axb5 axb5 28. Bd3 b4 29. Ne2 Qxc2 30. Bxc2 Nxe4 31. Rad1 Ndc5 32. Rf3 Nxd2 33. Rxd2 Ne4 34. Rdd3 Rbc8 35. Bd1 Nc3 36. Nxc3 bxc3 37. Bc2 Re2 38. Rf2 Re1+ 39. Kh2 Rce8 {normal} 0-1